 Dungeon Crawl Stone Soup version 0.14.2 (webtiles) character file.

57665 FuckCats the Martial Artist (level 14, -24/116 HPs)
             Began as a Mummy Monk on Feb 4, 2016.
             Annihilated by a sun demon (30 damage)
             ... summoned by an orc sorcerer
             ... on Level 4 of the Orcish Mines on Feb 5, 2016.
             The game lasted 02:26:55 (52740 turns).

FuckCats the Martial Artist (Mummy Monk)           Turns: 52740, Time: 02:26:55

HP -24/116       AC 16     Str 14      XL: 14   Next: 41%
MP  14/14        EV 20     Int  9      God:
Gold 1401        SH  0     Dex 18      Spells:  0 memorised, 13 levels left

rFire  x . .     SeeInvis .       - Unarmed
rCold  + . .     Clarity  .     (no armour)
rNeg   + + +     Conserve .     (no shield)
rPois  +         rCorr    .     o - +2 helmet
rElec  .         rRot     +     x - +2 cloak
SustAb . .       Spirit   .     a - +2 pair of gloves
rMut   .         Warding  .     (no boots)
Saprov . . .     Stasis   .     (no amulet)
MR     +....                    F - +3 ring of protection {Silky soft}
                                i - +4 ring of protection {THE GROUND, IT SOFTENS}

@: somewhat resistant to hostile enchantments, extremely stealthy
A: no food or potions, fire vulnerability, in touch with death, restore body,
cold resistance 1, life protection 3, poison resistance, torment resistance,
unbreathing
a: Self-Restoration


You were on level 4 of the Orcish Mines.
You were not hungry.

You visited 4 branches of the dungeon, and saw 25 of its levels.
You also visited: Ice Cave.

You collected 2196 gold pieces.
You spent 795 gold pieces at shops.


Innate Abilities, Weirdness & Mutations

You do not eat or drink.
Your flesh is vulnerable to fire.
You are in touch with the powers of death.
You can restore your body by infusing magical energy.
Your flesh is cold resistant.
You are immune to negative energy.
Your system is resistant to poisons.
You are immune to unholy pain and torment.
You can survive without breathing.


   Skills:
 + Level 12.4 Fighting
 - Level 10.5 Dodging
 - Level 11.0 Stealth
 - Level 13.0 Unarmed Combat


You had 13 spell levels left.
You didn't know any spells.

Inventory:

Hand weapons
 K - a +2,+2 mace of holy wrath
 M - a +0,+0 short sword of draining {I owe everyone a drink}
Armour
 a - a +2 pair of gloves (worn)
 j - a +1 cloak
 o - a +2 helmet (worn)
 x - a +2 cloak (worn)
 y - a +0 fire dragon armour {!W Filthy rag of winter's chill}
 H - a +0 cloak
 J - a +0 pair of gloves
 L - a +0 cloak
 U - a +0 helmet
Comestibles
 g - 9 bread rations
 l - 7 meat rations
 m - 5 apples
 q - 3 pears
 u - 2 chokos
 w - a banana
 z - 7 cheeses (quivered) {Aged to perfection}
 D - a lychee
Scrolls
 b - 2 scrolls of identify
 c - a scroll of noise {!r}
 d - a scroll of random uselessness
 e - 4 scrolls of enchant weapon I
 f - 4 scrolls of fog
 h - a scroll of fear
 n - 6 scrolls of remove curse
 p - 3 scrolls of teleportation
 r - 2 scrolls of recharging
 s - a scroll of brand weapon
 t - a scroll of immolation {!r}
 v - 2 scrolls of silence
 B - 3 scrolls of enchant weapon II
 C - a scroll of vulnerability
 I - 2 scrolls of magic mapping
Jewellery
 i - a +4 ring of protection (left hand) {THE GROUND, IT SOFTENS}
 k - the ring of the Six Wars {Hunger +Rage, Literally perfect}
   (You found it on level 3 of the Lair of Beasts)

   [ring of hunger]

   It lets you go berserk.
 A - an uncursed ring of ice {k thx}
 E - an uncursed ring of protection from magic
 F - a +3 ring of protection (right hand) {Silky soft}
 G - a +2 ring of evasion
 R - an uncursed ring of see invisible

Dungeon Overview and Level Annotations

Branches:
Dungeon (12/15)            Temple (0/1) D:4             Orc (4/4) D:9
    Elf (0/3) Orc:3          Lair (8/8) D:9           Swamp (0/5) Lair:4
  Snake (1/5) Lair:5
  Slime: Lair:6-8

Altars:
Cheibriados
Elyvilon
Kikubaaqudgha
Makhleb
Sif Muna
Vehumet

Shops:
D:7 =   D:9 =   D:10 [   Orc:4 ([??

Portals:
Trove: D:12 (show abyssal rune of Zot)

Annotations:
D:2 exclusion: downstairs
D:4 exclusion: downstairs
D:5 exclusions: 2 downstairs and orc warrior
D:6 exclusion: upstairs
D:7 !Distro wight, 1 exclusion, Sigmund
D:8 !Gastronok, exclusion: door, Gastronok
D:11 exclusions: lava snake and 15 more exclusions
Orc:1 Friendly orc warlords
Orc:2 exclusions: upstairs and 16 more exclusions
Lair:1 exclusions: downstairs and 2 oklob plants
Lair:2 exclusions: 2 downstairs and 13 more exclusions
Lair:3 !xp bag, 3 exclusions, Rupert
Lair:4 !2 6 head adders, exclusions: downstairs and upstairs
Lair:5 exclusion: downstairs
Lair:6 Vinnie's friend must live
Lair:7 exclusion: 3 oklob plants
Lair:8 exclusions: deep troll shaman and dire elephant
Snake:1 exclusions: naga mage and shock serpent

················[)[···▒▒
·············)··)<·····▒
·············[·)·)[···▒▒
···········o·4·········▒▒
·········[···▒▒▒▒·······▒
·········[[▒▒▒∩∩▒▒·····▒·▒
[··········▒▒%···▒▒·······▒
··[····(···▒∩··o3∩▒········▒
··[···[([[▒▒···3M·▒▒··▒▒··▒▒
······)4▒·▒·%··%···▒··▒ ·▒▒
···)[···▒·▒········▒·▒· ·
·[······▒▒▒%··#%···▒····
·····)·(▒▒·········▒·▒
····[·[(▒▒·%%····%·▒
···[▒··o·▒▒·······▒▒
[···▒▒···▒▒▒▒····▒▒
····)▒·4·(▒▒·····▒


You could see a sun demon, a smoke demon and an orc sorcerer.


Message History

Enter note: hmm Unknown command.
Read which item? (? for menu, Esc to quit)
Really read
N - a scroll of holy word {!r}?
Read which item? (? for menu, Esc to quit)
Huh?
Read which item? (? for menu, Esc to quit)
Okay, then.
Unknown command.
Enter note: I mean
Enter note: what's the worst that could happen Read which item? (? for menu, Esc to quit)
Really read
N - a scroll of holy word {!r}?
As you read the scroll of holy word {!r}, it crumbles to dust.
You speak a Word of immense power!
You are blasted by holy energy!
* * * LOW HITPOINT WARNING * * *
The smoke demon convulses!
The sun demon convulses!
The orc sorcerer hits you but does no damage.
Here: a smoke demon (almost dead, summoned)
The floor.
You closely miss the orc sorcerer.
The orc sorcerer is moderately wounded.
The orc sorcerer hits you but does no damage.
You barely miss the orc sorcerer.
The orc sorcerer is moderately wounded.
The orc sorcerer barely misses you. The sun demon hits you!
* * * LOW HITPOINT WARNING * * *
You are engulfed in flames!
The fire burns you terribly!
You die...

Action                   |  1- 3 |  4- 6 |  7- 9 | 10-12 | 13-15 || total
-------------------------+-------+-------+-------+-------+-------++-------
Melee: Unarmed           |   144 |   408 |   939 |  1895 |  1903 ||  5289
  Use: Scroll            |       |     7 |     1 |    15 |     4 ||    27
 Stab: Sleeping          |     1 |     3 |    14 |    31 |    23 ||    72
       Distracted        |       |     1 |       |     7 |     4 ||    12

Vault maps used:
D:1:      scummos_arrival_forest, st_stairs_8, minmay_cupped
D:2:      general_overflow_altar, uniq_jessica
D:3:      patterned_corridor
D:4:      minmay_temple_entry_statues_pillars, first_bread, grunt_ministairs_9,
          solitary_fountain
D:5:      serial_bayou_lagoon_b
D:6:      elyvilon_altar_1, kennysheep_generic_room_9
D:7:      serial_shops, nicolae_shop_trees, uniq_sigmund
D:8:      grunt_rat_hole, kennysheep_another_room, uniq_edmund, uniq_gastronok
D:9:      amethyst_overflow_temple_binary, orc_0_dummy, david_lair_generic,
          serial_shops, shop, uniq_prince_ribbit1, uniq_maurice
D:10:     serial_shops, nicolae_shop_crystal, uniq_urug, uniq_eustachio
D:11:     spider_trap, kennysheep_opposing_triangles
D:12:     trove_entry_hex_spiral
Orc:3:    basic_altar, nicolae_orc_pool_cavern
Orc:4:    grunt_orc_tribal_feast, uniq_sonja
Lair:1:   lemuel_oklob_altar
Lair:2:   portal_ice_cave_entry_imps
Lair:3:   uniq_fannar, uniq_rupert
Lair:4:   swamp_mist, enter_volcano_3
Lair:5:   dummy_snake_entry, serial_forest, infiniplex_forest_clump_small,
          infiniplex_forest_straight_3, infiniplex_forest_lined_room_2,
          infiniplex_forest_diagonal, infiniplex_forest_lined_2,
          infiniplex_forest_lined_2, infiniplex_forest_clump_small,
          infiniplex_forest_clump_curved, infiniplex_forest_lined_2
Lair:7:   minmay_slime_entry_oklob_open, infiniplex_staircase_pool
Lair:8:   grunt_lair_end_beastmaster
Snake:1:  basic_altar
IceCv:    ice_cave_caverns_01

Notes
Turn   | Place    | Note
--------------------------------------------------------------
     0 | D:1      | FuckCats, the Mummy Monk, began the quest for the Orb.
     0 | D:1      | Reached XP level 1. HP: 18/18 MP: 1/1
   124 | D:1      | Reached XP level 2. HP: 10/24 MP: 2/2
   519 | D:1      | Reached skill level 4 in Unarmed Combat
   633 | D:1      | Reached XP level 3. HP: 19/29 MP: 3/3
   959 | D:2      | Found a burning altar of Makhleb.
  1064 | D:2      | Noticed Jessica
  1113 | D:2      | Killed Jessica
  1475 | D:2      | Reached XP level 4. HP: 22/35 MP: 4/4
  2310 | D:2      | Reached skill level 5 in Unarmed Combat
  3103 | D:3      | Reached XP level 5. HP: 23/41 MP: 5/5
  4191 | D:4      | Noticed an ogre
  4200 | D:4      | Killed an ogre
  4200 | D:4      | Reached skill level 4 in Fighting
  4200 | D:4      | Reached XP level 6. HP: 33/49 MP: 6/6
  4216 | D:4      | Found a staircase to the Ecumenical Temple.
  4362 | D:4      | Reached skill level 5 in Fighting
  4550 | D:4      | Noticed an ogre
  5092 | D:5      | Entered Level 5 of the Dungeon
  5376 | D:5      | Reached skill level 3 in Dodging
  6059 | D:4      | Reached skill level 4 in Dodging
  6059 | D:4      | Reached XP level 7. HP: 45/56 MP: 7/7
  6674 | D:5      | Reached skill level 5 in Dodging
  7538 | D:6      | Found a white marble altar of Elyvilon.
  7579 | D:6      | Reached XP level 8. HP: 45/62 MP: 8/8
  8481 | D:5      | Reached skill level 6 in Unarmed Combat
  9019 | D:6      | Unloved
  9793 | D:6      | HP: 3/62 [ogre/giant club (23)]
 10386 | D:5      | Reached skill level 7 in Unarmed Combat
 10775 | D:6      | Reached skill level 2 in Stealth
 10813 | D:6      | Reached skill level 3 in Stealth
 11062 | D:7      | Reached skill level 4 in Stealth
 11414 | D:7      | Reached XP level 9. HP: 55/68 MP: 9/9
 11546 | D:7      | Noticed Sigmund
 11549 | D:7      | Found Psoodghuwi's Jewellery Emporium.
 11808 | D:7      | Reached skill level 5 in Stealth
 12720 | D:8      | Reached skill level 6 in Fighting
 12879 | D:8      | I understand why monsters don't pick up items anymore
 13366 | D:8      | Noticed Gastronok
 13587 | D:8      | Noticed Edmund
 13597 | D:8      | Reached skill level 7 in Fighting
 13617 | D:8      | Killed Edmund
 14320 | D:9      | Reached skill level 8 in Unarmed Combat
 14412 | D:9      | Noticed Chiseanne's ghost (experienced SpAs)
 14466 | D:9      | Killed Chiseanne's ghost
 14646 | D:9      | Reached XP level 10. HP: 70/79 MP: 10/10
 14662 | D:9      | Reached skill level 9 in Unarmed Combat
 14764 | D:9      | This is not optimal
 15004 | D:9      | literally untouchable
 15128 | D:9      | Noticed Prince Ribbit
 15344 | D:7      | Bought an uncursed ring of protection from magic for 325 gold pieces
 15420 | D:9      | Found a staircase to the Orcish Mines.
 16133 | D:9      | Found a deep blue altar of Sif Muna.
 16151 | D:9      | Found a snail-covered altar of Cheibriados.
 16480 | D:9      | Noticed an elephant
 16686 | D:9      | Reached skill level 10 in Unarmed Combat
 16736 | D:9      | Found a staircase to the Lair.
 17081 | D:9      | Reached skill level 8 in Fighting
 17260 | D:9      | too stealthy
 17373 | Orc:1    | Entered Level 1 of the Orcish Mines
 17400 | Lair:1   | Entered Level 1 of the Lair of Beasts
 17832 | D:9      | oh that was
 17832 | D:9      | hm
 17853 | D:9      | Killed Prince Ribbit
 17853 | D:9      | Reached skill level 9 in Fighting
 18376 | D:9      | Killed an elephant
 18611 | D:9      | well alright I'm just gonna tab stuff
 19128 | D:9      | Found Qocri's Jewellery Shop.
 19137 | D:9      | RF
 19137 | D:9      | But an amulet
 19187 | D:10     | Entered Level 10 of the Dungeon
 19264 | Lair:1   | hahaha okay
 19264 | Lair:1   | GG
 19678 | Lair:1   | Noticed a black mamba
 19686 | Lair:1   | Noticed an oklob plant
 19723 | Lair:1   | Reached skill level 10 in Fighting
 19790 | Lair:1   | Found an ancient bone altar of Kikubaaqudgha.
 19790 | Lair:1   | Noticed an oklob plant
 20045 | Lair:1   | Reached skill level 6 in Dodging
 20507 | Lair:2   | Reached XP level 11. HP: 90/90 MP: 11/11
 20515 | Lair:2   | Found a frozen archway.
 20679 | IceCv    | Entered an ice cave
 20961 | IceCv    | Please forget
 21055 | IceCv    | Reached skill level 7 in Dodging
 21936 | IceCv    | Noticed a death yak
 21953 | IceCv    | Like hell I can beat up a D-yak
 22165 | IceCv    | Please forget
 22412 | IceCv    | DID FLEE FROM THE ICE CAVE
 22414 | Lair:2   | WITH A BAG OF XP
 22653 | Lair:1   | Killed a black mamba
 22653 | Lair:1   | Reached skill level 8 in Dodging
 23734 | Lair:2   | Reached skill level 6 in Stealth
 24464 | Lair:2   | I completely forgot how you skill a MuMo
 24464 | Lair:2   | yes.
 24478 | Lair:2   | Noticed a black mamba
 25044 | Lair:2   | THE LAMB HAS BEEN SACRIFICED
 25044 | Lair:2   | THIS PILLAR IS NOW PURE
 25547 | Lair:2   | HP: 6/90 [black mamba (12)]
 25548 | Lair:2   | AND THEN HE DIED TO A MAMBA
 25548 | Lair:2   | yeah no fuck it
 25548 | Lair:2   | Who even wants to be good
 25551 | Lair:2   | Killed a black mamba
 26015 | Lair:3   | Got a twitching wooden ring
 26018 | Lair:3   | Goes good with the tabbing
 26032 | Lair:3   | Identified the ring of the Six Wars {Hunger +Rage} (You found it on level 3 of the Lair of Beasts)
 26473 | Lair:3   | Noticed Fannar
 26473 | Lair:3   | Noticed Rupert
 26474 | Lair:3   | haha okay
 26474 | Lair:3   | nope
 26663 | Lair:3   | Oh man look at all this xp
 26700 | Lair:2   | HP: 9/90 [blink frog (9)]
 27349 | Lair:4   | Reached skill level 11 in Unarmed Combat
 27915 | Lair:4   | Noticed a six-headed hydra
 27916 | Lair:4   | Not even 7 heads
 27916 | Lair:4   | Not worth my time
 27919 | Lair:4   | Noticed a six-headed hydra
 28056 | Lair:3   | Paralysed by Rupert for 7 turns
 28174 | Lair:2   | Well
 28174 | Lair:2   | That was interesting
 28306 | Lair:4   | Killed Fannar
 28306 | Lair:4   | Reached XP level 12. HP: 82/97 MP: 12/12
 28399 | Lair:4   | Found a staircase to the Swamp.
 28467 | Lair:4   | Oh man, swamp
 28467 | Lair:4   | I love swamp
 28491 | Lair:4   | I love it so much I will pretend it never existed
 28562 | Lair:5   | Found a staircase to the Snake Pit.
 28586 | Snake:1  | Entered Level 1 of the Snake Pit
 28600 | Snake:1  | Found an ancient bone altar of Kikubaaqudgha.
 29554 | D:9      | Bought a +3 ring of protection for 273 gold pieces
 29818 | Lair:5   | Reached skill level 12 in Unarmed Combat
 30173 | Lair:5   | Noticed a five-headed hydra
 30211 | Lair:5   | Oh man
 30211 | Lair:5   | this is a really bad idea actually
 30702 | Lair:5   | Oh hey
 30706 | Lair:5   | Superscummy .14
 30976 | Lair:6   | hello
 31407 | Lair:6   | Reached skill level 11 in Fighting
 31875 | Lair:6   | Boxing yourself: Bad unless you say you're tacticool
 32563 | Lair:6   | Reached skill level 12 in Fighting
 32800 | Lair:7   | Noticed a five-headed hydra
 33655 | Lair:8   | Entered Level 8 of the Lair of Beasts
 34128 | Lair:8   | Oh hey you're
 34128 | Lair:8   | well not new
 34143 | Lair:8   | Just a different bear
 34203 | Lair:8   | Reached skill level 9 in Dodging
 35442 | Lair:7   | Reached XP level 13. HP: 77/108 MP: 13/13
 36113 | Lair:8   | I mean look at these defenses
 36113 | Lair:8   | Surely we can punch it!
 36113 | Lair:8   | (We can't)
 36130 | Lair:8   | Killed a six-headed hydra
 36130 | Lair:8   | Reached skill level 10 in Dodging
 36131 | Lair:8   | And then he almost died several times
 37511 | Lair:6   | Reached skill level 7 in Stealth
 37748 | Lair:7   | Those sccrolls catching fire hurt me even more
 38461 | Lair:7   | Killed a five-headed hydra
 38461 | Lair:7   | Reached skill level 8 in Stealth
 40186 | Lair:8   | Reached skill level 9 in Stealth
 40236 | Lair:8   | Noticed a dire elephant
 40557 | Lair:4   | Killed a six-headed hydra
 40963 | D:9      | Bought an uncursed ring of see invisible for 195 gold pieces
 41226 | D:10     | Noticed Eustachio
 41249 | D:10     | Killed Eustachio
 41278 | D:10     | Noticed Urug
 41304 | D:10     | Killed Urug
 41452 | D:10     | Found Gucuq's Armour Emporium.
 41456 | D:10     | Bought the cursed -3 robe of Struatomp {Dex+2 Int+3 Curse} for 2 gold pieces
 41496 | D:10     | Noticed a hill giant
 41505 | D:10     | Noticed Maurice
 41507 | D:10     | Killed a hill giant
 41614 | D:10     | Killed Maurice
 41614 | D:10     | Reached skill level 10 in Stealth
 42489 | D:11     | Wait
 42489 | D:11     | They open doors?
 42491 | D:11     | Who opened the door for you mr manticore
 43271 | D:12     | Found a portal to a secret trove of treasure.
 43274 | D:12     | HA!
 43274 | D:12     | yeah play
 43469 | D:12     | Identified a scroll of acquirement
 43469 | D:12     | Identified a +0 fire dragon armour {!W Filthy rag of winter's chill} (You found it on level 7 of the Dungeon)
 43471 | D:12     | AAA
 43471 | D:12     | A
 43471 | D:12     | AAA
 43474 | D:12     | Got a distressingly furry ring mail
 43475 | D:12     | Identified the -4 ring mail of Liberty {+Fly rC+ Stlth++} (You acquired it on level 12 of the Dungeon)
 43476 | D:12     | THE LIBERTY TO CHOOSE ARMOR
 43476 | D:12     | LITERALLY THE BEST
 43606 | D:12     | Change
 43606 | D:12     | CHANGE
 44075 | D:12     | Reached XP level 14. HP: 94/115 MP: 14/14
 44680 | D:9      | Reached skill level 11 in Stealth
 45409 | Orc:2    | Noticed an orc warlord
 45416 | Orc:2    | oh man
 45832 | Orc:1    | taste teleport
 45835 | Orc:1    | OH NO
 45835 | Orc:1    | HE'S SMART
 46772 | Orc:3    | Found a radiant altar of Vehumet.
 47321 | Orc:3    | Found a staircase to the Elven Halls.
 47327 | Orc:3    | Noticed an orc warlord
 48839 | Orc:4    | Entered Level 4 of the Orcish Mines
 50363 | Orc:4    | Noticed Sonja
 50700 | Orc:4    | All bets are open
 50700 | Orc:4    | Distortion
 50927 | Orc:4    | Killed Sonja
 51164 | Orc:4    | Reached skill level 13 in Unarmed Combat
 51617 | Orc:4    | Dumb shit
 51617 | Orc:4    | Do it again
 52620 | Orc:4    | Found Qisonooro's Weapon Emporium.
 52621 | Orc:4    | Found Ghykhlyu's Magic Scroll Shop.
 52729 | Orc:4    | Found Pleveq's Magic Scroll Shop.
 52729 | Orc:4    | Found Strynonih's Antique Armour Emporium.
 52731 | Orc:4    | w
 52731 | Orc:4    | ooooh
 52738 | Orc:4    | hmmmm
 52738 | Orc:4    | Oh yeah
 52738 | Orc:4    | Blink was burned
 52738 | Orc:4    | hmm
 52738 | Orc:4    | I mean
 52738 | Orc:4    | what's the worst that could happen
 52740 | Orc:4    | HP: 6/116 [sun demon[an orc sorcerer] (7)]
 52740 | Orc:4    | Annihilated by a sun demon

Vanquished Creatures
  Fannar (Lair:4)
  3 hydras
  3 death yaks
  2 orc high priests (Orc:4)
  Urug (D:10)
  The ghost of Chiseanne the Covert, an experienced SpAs of Okawaru (D:9)
  A catoblepas (Lair:8)
  2 hill giants
  A griffon (Lair:6)
  6 orc knights
  4 orc sorcerers
  2 cyclopes (D:12)
  A manticore (D:11)
  10 elephants
  Maurice (D:10)
  6 black mambas
  12 spiny frogs
  3 fire drakes
  3 komodo dragons
  5 trolls
  Sonja (Orc:4)
  4 polar bears
  Prince Ribbit (D:9)
  20 blink frogs
  A deep elf mage (D:12)
  2 grizzly bears (Lair:8)
  A wraith (D:12)
  22 yaks
  2 wyverns
  5 ugly things (D:12)
  Eustachio (D:10)
  An elephant slug (Lair:7)
  8 wargs
  A steam dragon (D:9)
  2 hungry ghosts (D:12)
  8 hippogriffs
  A human zombie (D:11)
  19 wolves
  Edmund (D:8)
  3 necrophages
  25 orc warriors
  12 water moccasins
  12 porcupines
  A yellow wasp (D:10)
  A black bear (Lair:8)
  4 ice beasts
  4 sky beasts
  2 phantoms
  10 ogres
  A lava worm (D:11)
  A big kobold (D:9)
  9 centaurs
  10 giant slugs
  12 crocodiles
  12 giant frogs
  A gnoll sergeant (D:5)
  5 scorpions
  A hippogriff zombie (D:9)
  A boulder beetle zombie (D:10)
  A wyvern zombie (D:11)
  9 killer bees
  12 wights
  8 crimson imps
  A goliath beetle (D:9)
  2 centaur zombies
  A gnoll shaman (D:5)
  2 big fish (Lair:7)
  A giant frog skeleton (D:5)
  7 hounds
  2 jellies
  23 orc priests
  A centaur skeleton (D:5)
  An iron imp (D:10)
  An orange rat (D:8)
  6 worker ants
  An elf skeleton (D:12)
  32 orc wizards
  A two-headed ogre skeleton (D:9)
  11 iguanas
  28 sheep
  Jessica (D:2)
  A mummy (D:7)
  A hound skeleton (D:10)
  2 worker ant zombies
  12 gnolls
  3 shadow imps
  28 adders
  46 green rats
  A giant mite (Lair:3)
  12 white imps (Lair:2)
  A goliath beetle zombie (D:6)
  6 worms
  8 giant geckos
  4 oozes
  194 orcs
  2 bat skeletons
  6 giant cockroaches
  25 goblins
  32 hobgoblins
  25 kobolds
  16 quokkas
  2 ball pythons
  23 bats
  A giant gecko skeleton (D:4)
  A giant gecko zombie (D:5)
  5 giant newts
  A giant newt skeleton (D:5)
  A giant newt zombie (D:5)
  A hobgoblin skeleton (D:5)
  A hobgoblin zombie (D:7)
  32 jackals
  2 orc skeletons (D:5)
  A quokka skeleton (D:9)
  41 rats
  3 rat skeletons (D:4)
  2 rat zombies (D:7)
  A fungus (Lair:1)
991 creatures vanquished.

Vanquished Creatures (others)
  An orc priest (Orc:4)
  2 orcs
  14 fungi
  A plant (Lair:8)
18 creatures vanquished.

Grand Total: 1009 creatures vanquished
